Map: Thunderbird LE

Players

MaSa - Winner!

  • Race: Terran Terran
  • Spawn Location: 11:00

PtitDrogo

  • Race: Protoss Protoss
  • Spawn Location: 5:00

VOD

Have the link to the VOD?

Description

Time

  • Played on: Sept. 6, 2019, 10:09 p.m.
  • Length: 12:58
Show
View Real Time Build Order
Export as new Build Order

MaSa Terran - Winner!

Build Orders: Reaper Expand 

Get SALT Encoding   

  12  0:00  SCV  
  13  0:12  SCV  
  14  0:17  Supply Depot  
  14  0:24  SCV  
  15  0:38  SCV  
  15  0:40  Barracks  
  16  0:43  Refinery  
  16  0:50  SCV  
  17  1:02  SCV  
  18  1:15  SCV  
  19  1:27  Orbital Command, Reaper  
  20  1:49  Command Center  
  20  1:53  SCV  
  21  1:54  Supply Depot  
  21  1:59  Barracks Reactor  
  21  2:05  SCV  
  22  2:10  Bunker  
  22  2:17  SCV  
  23  2:26  Command Center  
  23  2:31  SCV  
  23  2:35  Marine  
  23  2:36  Marine  
  26  2:44  SCV  
  26  2:46  Barracks  
  27  2:53  Marine x2  
  27  2:56  SCV  
  30  3:02  Orbital Command  
  30  3:08  SCV  
  30  3:12  Marine  
  32  3:13  Factory  
  32  3:14  Marine  
  33  3:20  SCV  
  33  3:21  Refinery  
  34  3:29  SCV  
  34  3:30  Marine  
  34  3:32  SCV, Marine  
  34  3:34  Barracks Tech Lab  
  38  3:41  Orbital Command, SCV  
  38  3:45  SCV  
  38  3:47  Barracks  
  40  3:51  Marine  
  40  3:52  Marine  
  40  3:54  Marine, SCV  
  44  3:59  Stimpack  
  44  4:00  SCV  
  45  4:06  SCV  
  45  4:07  Starport  
  45  4:09  Factory Reactor  
  46  4:11  SCV  
  46  4:13  Marine x2  
  46  4:16  SCV  
  50  4:22  Supply Depot, Marauder  
  52  4:25  SCV x2  
  52  4:30  Refinery x2  
  54  4:31  Marine  
  54  4:32  Marine  
  54  4:35  SCV  
  54  4:37  SCV  
  59  4:38  SCV  
  59  4:41  Barracks Tech Lab  
  59  4:43  Marauder  
  61  4:46  Supply Depot  
  61  4:48  SCV  
  61  4:49  SCV  
  63  4:55  Supply Depot, Marine x2  
  63  4:58  Medivac  
  67  5:00  Medivac  
  69  5:07  SCV x2, Marine  
  69  5:09  Supply Depot, Orbital Command  
  69  5:10  Factory Reactor  
  69  5:12  Marauder  
  75  5:19  SCV, Engineering Bay  
  75  5:22  Engineering Bay  
  75  5:26  Marine  
  75  5:27  Barracks x2, Marine  
  77  5:29  Marauder  
  77  5:32  SCV  
  77  5:33  SCV  
  83  5:35  Marauder  
  83  5:37  SCV  
  84  5:44  Marine  
  84  5:45  SCV  
  84  5:49  Widow Mine x2, SCV x2  
  92  5:53  Supply Depot  
  92  5:57  Terran Infantry Weapons Level 1  
  92  6:00  Supply Depot  
  92  6:02  Terran Infantry Armor Level 1  
  92  6:05  SCV  
  92  6:08  Supply Depot  
  92  6:11  Marauder x2, SCV x2, Marine x2  
  101  6:12  Combat Shield  
  101  6:13  Concussive Shells  
  101  6:16  Widow Mine  
  101  6:18  Widow Mine  
  104  6:20  Barracks Tech Lab, Barracks Reactor  
  100  6:33  Marine  
  100  6:34  Marauder, SCV  
  100  6:35  Medivac x2  
  100  6:38  Widow Mine  
  100  6:39  SCV  
  107  6:42  SCV  
  108  6:47  Supply Depot  
  108  6:48  Marine  
  108  6:49  Marauder x2  
  115  6:54  Widow Mine, SCV  
  115  6:55  Marauder, SCV x2  
  115  6:58  Marine x2  
  115  7:00  Armory  
  122  7:03  Marine  
  122  7:06  SCV  
  122  7:07  SCV  
  125  7:08  SCV  
  125  7:11  Marauder, Refinery x2  
  125  7:12  Medivac  
  130  7:19  SCV x2  
  130  7:20  Marine  
  133  7:24  Supply Depot  
  133  7:30  Supply Depot  
  133  7:46  Marauder, SCV x3, Marine x3  
  133  7:47  Marauder  
  133  7:51  Marauder, Medivac, Marine  
  141  7:52  Medivac  
  141  7:58  SCV x3  
  143  8:03  Marine x3  
  142  8:08  Marauder x2  
  142  8:09  Marine  
  142  8:10  Terran Infantry Armor Level 2, Terran Infantry Weapons Level 2, SCV x3  
  147  8:13  Marauder  
  147  8:19  Terran Ship Weapons Level 1  
  146  8:21  Medivac, Marine x3  
  146  8:22  SCV  
  146  8:23  Supply Depot x2  
  146  8:25  Missile Turret  
  149  8:27  Missile Turret  
  149  8:33  Marine  
  149  8:36  Marauder  
  149  8:37  Marauder  
  148  8:43  SCV  
  148  8:44  Marauder, SCV  
  148  8:47  Command Center, Barracks  
  152  8:49  Widow Mine x2, Barracks  
  152  8:50  Barracks  
  152  8:53  Marine x3  
  152  8:55  Medivac  
  159  8:57  Marauder  
  159  8:59  Marauder  
  163  9:05  Supply Depot  
  163  9:06  Ghost Academy  
  163  9:07  Supply Depot  
  163  9:08  Marauder  
  165  9:12  Marine  
  165  9:15  Marine  
  159  9:18  Marauder  
  159  9:20  Marauder  
  159  9:21  Marine  
  159  9:27  Medivac  
  159  9:28  Medivac  
  159  9:29  Marauder, Marine x2  
  163  9:37  Barracks Tech Lab x2, Barracks Reactor  
  161  9:41  Marauder  
  165  9:46  Marine x2  
  165  9:50  Widow Mine  
  165  9:51  Widow Mine  
  165  9:52  Enhanced Shockwaves  
  173  9:57  Medivac  
  175  10:03  Marine  
  174  10:11  Medivac  
  176  10:19  Missile Turret  
  176  10:20  Unknown x2, Missile Turret  
  176  10:27  Medivac  
  178  10:29  Command Center  
  178  10:30  Planetary Fortress  
  178  10:31  Unknown x3  
  178  10:36  Marine  
  178  10:37  Marine  
  178  10:40  Medivac  
  184  10:42  Missile Turret  
  184  10:43  Marine x2  
  175  10:51  Marine  
  176  10:59  Marine  
  176  11:00  Marauder  
  170  11:10  Unknown, Marine x4  
  170  11:11  Marauder x2  
  159  11:15  Medivac  
  159  11:16  Marine  
  159  11:17  Marauder  
  164  11:20  Unknown  
  164  11:21  Marauder x2, Marine  
  168  11:27  Marine  
  168  11:28  Marine x3  
  168  11:32  Marauder x2  
  165  11:34  Widow Mine, Marine  
  165  11:36  Refinery  
  165  11:37  Refinery  
  165  11:38  Marauder  
  165  11:39  Marine  
  166  11:42  Marauder  
  166  11:43  Marauder, Command Center  
  166  11:45  Marine x2  
  166  11:46  Marine x2  
  174  11:51  Medivac  
  174  11:52  Marine  
  174  11:54  Marauder x2  
  160  11:56  Marine  
  160  11:59  Marauder  
  163  12:03  Marine x2  
  163  12:04  Marauder x2  
  163  12:06  Marine  
  163  12:07  Sensor Tower, Marine  
  171  12:12  Marine  
  171  12:14  Marine  
  171  12:15  Marauder x2  
  177  12:21  Marauder, Marine x2  
  167  12:24  Marine  
  167  12:25  Marauder x2, Marine  
  158  12:30  Marine  
  158  12:32  Marine  
  158  12:36  Marauder x2  
  156  12:39  Marine x2  
Show
View Real Time Build Order
Export as new Build Order

PtitDrogo Protoss 

Build Orders: 1 Gate Expand, Colossus Rush 

Get SALT Encoding   

  12  0:00  Probe  
  13  0:12  Probe  
  14  0:17  Pylon  
  14  0:24  Probe  
  15  0:33  Probe  
  15  0:35  Gateway  
  15  0:41  Probe  
  16  0:46  Assimilator  
  17  0:51  Probe  
  18  1:03  Probe  
  19  1:15  Probe  
  20  1:26  Nexus  
  20  1:33  Cybernetics Core  
  20  1:35  Probe  
  21  1:40  Assimilator  
  21  1:47  Probe  
  21  1:52  Pylon  
  22  1:59  Probe  
  22  2:00  Stalker  
  23  2:09  Warp Gate  
  23  2:12  Probe  
  26  2:24  Probe  
  26  2:27  Robotics Facility  
  27  2:31  Stalker  
  27  2:34  Probe x2  
  29  2:42  Probe x2  
  33  2:52  Probe x2  
  35  3:02  Gateway, Sentry  
  35  3:04  Probe x2  
  39  3:07  Observer  
  39  3:09  Gateway  
  39  3:16  Probe x2  
  39  3:19  Pylon  
  42  3:26  Observer  
  42  3:28  Probe  
  42  3:29  Pylon, Probe  
  45  3:40  Probe x2  
  46  3:46  Assimilator  
  46  3:48  Observer, Probe, Assimilator  
  48  3:52  Probe  
  50  3:58  Probe  
  51  4:03  Nexus  
  51  4:04  Probe  
  51  4:05  Pylon  
  52  4:10  Probe  
  52  4:16  Probe  
  54  4:19  Robotics Bay  
  54  4:22  Probe  
  55  4:26  Probe  
  55  4:31  Forge, Twilight Council  
  56  4:34  Probe x2  
  56  4:36  Observer  
  58  4:42  Observer  
  58  4:43  Probe  
  58  4:45  Observer  
  58  4:46  Probe  
  58  4:47  Sentry x2  
  64  4:55  Probe  
  64  4:58  Probe  
  64  4:59  Colossus  
  66  5:00  Protoss Ground Weapons Level 1  
  66  5:03  Pylon  
  66  5:07  Observer, Probe  
  66  5:10  Probe  
  66  5:11  Blink  
  68  5:14  Pylon  
  68  5:16  Gateway  
  68  5:17  Gateway x2  
  68  5:18  Probe  
  68  5:19  Probe  
  76  5:24  Probe  
  77  5:30  Probe  
  77  5:31  Probe  
  79  5:36  Probe  
  79  5:42  Colossus  
  79  5:44  Shield Battery, Probe  
  79  5:47  Probe  
  79  5:48  Probe  
  82  5:50  Assimilator  
  82  5:51  Assimilator  
  82  5:53  Photon Cannon  
  88  5:58  Zealot x3  
  88  6:00  Probe x2  
  88  6:03  Probe  
  97  6:04  Extended Thermal Lance  
  97  6:06  Pylon  
  97  6:08  Pylon  
  97  6:18  Stalker x2  
  101  6:26  Stalker x4  
  101  6:30  Probe  
  106  6:34  Probe  
  106  6:35  Probe  
  103  6:42  Stalker x2  
  103  6:43  Probe  
  103  6:46  Probe  
  109  6:47  Probe  
  109  6:49  Forge  
  109  6:50  Colossus  
  109  6:52  Pylon  
  110  6:57  Protoss Ground Armor Level 1  
  110  6:58  Probe  
  117  7:03  Protoss Ground Weapons Level 2  
  117  7:08  Pylon  
  117  7:10  Probe  
  117  7:11  Observer  
  118  7:16  Photon Cannon, Shield Battery  
  118  7:24  Pylon  
  118  7:26  Stalker x3  
  124  7:32  Warp Prism  
  124  7:41  Stalker x3  
  131  7:55  Stalker x3  
  122  8:07  Stalker x3  
  122  8:10  Observer  
  125  8:14  Probe  
  125  8:17  Probe x2  
  126  8:26  Probe  
  127  8:28  Zealot x3  
  127  8:30  Pylon  
  127  8:31  Probe  
  133  8:34  Probe  
  133  8:38  Probe  
  131  8:43  Probe  
  131  8:46  Templar Archives, Probe  
  131  8:50  Probe  
  131  8:52  Nexus  
  132  8:56  Pylon  
  132  9:01  Probe x2  
  132  9:02  Pylon  
  134  9:03  Pylon  
  134  9:17  Probe  
  134  9:19  Nexus  
  134  9:20  Pylon  
  131  9:27  High Templar x3  
  131  9:28  High Templar x3  
  131  9:29  Protoss Ground Armor Level 2  
  135  9:34  Gateway, Archon x2  
  135  9:35  Gateway  
  135  9:36  Gateway, Archon  
  136  9:39  Gateway  
  136  9:43  Protoss Ground Weapons Level 3  
  133  9:47  Probe  
  134  9:53  Pylon  
  134  9:54  Probe  
  134  9:55  Pylon  
  134  9:58  Probe  
  135  10:01  Probe  
  135  10:03  Immortal  
  136  10:08  Pylon x2  
  136  10:11  Probe  
  141  10:16  Pylon, High Templar x4  
  141  10:20  Archon x2  
  141  10:21  Pylon x2  
  149  10:26  Probe  
  150  10:30  Pylon  
  150  10:31  Pylon, Probe  
  150  10:33  Pylon  
  151  10:36  Assimilator  
  151  10:37  Probe  
  151  10:40  Probe, Assimilator  
  151  10:52  Stalker x10  
  165  11:00  Probe x3  
  152  11:13  Probe  
  152  11:16  Zealot x6, High Templar x2  
  152  11:17  Probe, Zealot  
  169  11:24  Colossus  
  166  11:31  Stalker  
  157  11:32  Probe  
  166  11:41  Zealot x7  
  173  11:55  Nexus  
  173  12:00  Templar Archives  
  173  12:02  Zealot, Sentry x2  
  179  12:15  Warp Prism  
  177  12:19  Archon  
  151  12:24  Probe  
  102  12:42  Zealot x4  
  102  12:43  Stalker x6  
Tags
 
Add a new tag
Caveats
  • Supply blocks, unpowered buildings, or Contaminate may cause inaccurate times.
  • Supply counts are checked every 10 seconds.